 Dungeon Crawl Stone Soup version 0.30.0-10-gfe55d96785 (webtiles) character file.

Game seed: 894199473846213556

130 GigaChad the Shield-Bearer (level 5, -1/42 HPs)
             Began as a Formicid Fighter on May 16, 2023.
             Was a Believer of Qazlal.
             Succumbed to a gnoll's poison
             ... on level 4 of the Dungeon.
             The game lasted 00:02:40 (2345 turns).

GigaChad the Shield-Bearer (Formicid Fighter)       Turns: 2345, Time: 00:02:40

Health: -1/42      AC: 11    Str: 23    XL:     5   Next: 36%
Magic:  5/5        EV:  5    Int:  7    God:    Qazlal [**....]
Gold:   122        SH: 14    Dex: 13    Spells: 4/4 levels left

rFire   . . .        a - +0 war axe
rCold   . . .        h - +2 kite shield
rNeg    . . .        o - +0 plate armour
rPois   .            (helmet unavailable)
rElec   .            (no cloak)
rCorr   .            (no gloves)
SInv    +            (no boots)
Will    .....        (no amulet) Stlth
                     (no ring)
HPRegen 0.27/turn    (no ring)
MPRegen 0.09/turn

%: no passive effects
@: lethally poisoned (-1 -> -21), weakened
A: permanent stasis, dig shafts and tunnels, antennae 3, four strong arms
a: Dig, Shaft Self, Renounce Religion, Upheaval


You were on level 4 of the Dungeon.
You worshipped Qazlal.
Qazlal was pleased with you.
You visited 1 branch of the dungeon, and saw 4 of its levels.

You collected 122 gold pieces.

Inventory:

Hand Weapons
 a - a +0 war axe (weapon)
Armour
 b - a +0 scale mail
 c - a +0 chain mail
 h - a +2 kite shield (worn)
 o - a +0 plate armour (worn)
Jewellery
 f - a ring of fire
Scrolls
 e - 3 scrolls of teleportation
 i - a scroll of magic mapping
 l - 3 scrolls of vulnerability
 p - a scroll of amnesia {unknown}
 r - a scroll of fog
Potions
 d - a potion of might
 g - a potion of mutation {unknown}
 j - 2 potions of flight {unknown}
 k - a potion of curing {unknown}
 m - a potion of heal wounds {unknown}
 n - a potion of degeneration {unknown}
 q - a potion of haste {unknown}


   Skills:
 * Level 3.8 Fighting
 * Level 3.3 Axes
 * Level 4.0 Armour
 * Level 5.3 Shields


You had 4 spell levels left.
You didn't know any spells.
Your spell library contained the following spells:

 Spells                   Type           Power      Damage    Failure   Level
 Magic Dart               Conj           0%         1d3       100%        1
 Call Imp                 Summ           0%         N/A       100%        2
 Cigotuvi's Dreadful Rot  Necr/Pois/Air  0%         N/A       100%        2
 Mephitic Cloud           Conj/Pois/Air  0%         N/A       100%        3
 Dispel Undead            Necr           0%         3d6       100%        4
 Death Channel            Necr           0%         N/A       100%        6


Dungeon Overview and Level Annotations

Branches:
Dungeon (4/15)
 Temple: D:4-7

Altars:
Qazlal


Innate Abilities, Weirdness & Mutations

You cannot be hasted, slowed, berserked, paralysed or teleported.
You can dig through walls and to a lower floor.
You have a pair of large antennae on your head. (SInv)
Your four strong arms can wield two-handed weapons with a shield.


Message History

The endoplasm jiggles.
A gnoll comes into view. It is wielding a +0 club.
The gnoll barely misses you.
You are too injured to fight recklessly!
Unknown command.
You are too injured to fight recklessly!
Unknown command.
Unknown command.
You are too injured to fight recklessly!
Unknown command.
You are too injured to fight recklessly!
You feel sick.
The centaur hits you but does no damage.
You block the centaur's attack.
A ball python comes into view.
The gnoll hits you from afar with a +0 spear of venom.
You are lethally poisoned!
The centaur hits you.
The centaur kicks you but does no damage.
Unknown command.
You barely miss the centaur.
The centaur is severely wounded.
You barely miss the gnoll bouda.
* * * LOW HITPOINT WARNING * * *
You feel very sick. You block the centaur's attack. x2
The gnoll hits you from afar with a +0 spear of venom.
* * * LOW HITPOINT WARNING * * *
You are more poisoned.
You block the gnoll's attack.
The gnoll bouda barks out a call to the hunt!
The gnolls pick up the pace!
You block the centaur's attack. The centaur kicks you.
* * * LOW HITPOINT WARNING * * *
You slash the centaur!
You kill the centaur!
Qazlal accepts your kill.
You can now call upon nature to destroy your foes.
You closely miss the gnoll bouda.
You die...

.... ....). .... #..[..
..g#####.#.. ...[.....#
#J......# #### #ggg....#
..#
.#####.g.....#######.###
..S....@(.[(...........#
.......)ยง^...##........#
..........$..##..[.....#
.......########........#
....... ##......)#
####### #....#.).
#....##). #........
#...###..


You could see a gnoll bouda, 4 gnolls, an endoplasm and a ball python.

Vanquished Creatures
  A centaur (D:4)
  Jessica (D:2)
  7 adders
  4 orcs
  An endoplasm (D:4)
  3 giant cockroaches
  2 goblins
  5 hobgoblins
  A quokka (D:2)
  6 ball pythons
  2 bats
  A frilled lizard (D:1)
  6 kobolds
  3 rats
43 creatures vanquished.

Notes
Turn   | Place    | Note
-------+----------+-------------------------------------------
     0 | D:1      | GigaChad the Formicid Fighter began the quest for the Orb.
     0 | D:1      | Reached XP level 1. HP: 18/18 MP: 1/1
   186 | D:1      | Found a faded altar of an unknown god.
   281 | D:1      | Reached XP level 2. HP: 21/24 MP: 2/2
   318 | D:1      | Prayed at the altar of an unknown god.
   318 | D:1      | Became a worshipper of Qazlal Stormbringer
   318 | D:1      | Reached * piety under Qazlal
   925 | D:2      | Reached XP level 3. HP: 23/29 MP: 3/3
  1354 | D:2      | Noticed Jessica
  1360 | D:2      | Killed Jessica
  1361 | D:2      | Reached XP level 4. HP: 33/37 MP: 4/4
  1831 | D:3      | Reached skill level 5 in Shields
  1834 | D:3      | Reached XP level 5. HP: 27/42 MP: 5/5
  2333 | D:4      | Noticed a centaur
  2345 | D:4      | Killed a centaur
  2345 | D:4      | Reached ** piety under Qazlal
  2345 | D:4      | Succumbed to a gnoll's poison

Illustrated notes

Levels and vault maps discovered:
D:1:      amcnicky_arrival_choice, layout_loops_cross,
          nicolae_ecumenical_snake_handling, minmay_misc_feat_x
D:2:      layout_loops_corners, uniq_jessica
D:3:      layout_rooms
D:4:      layout_basic, uniq_eustachio

Skill      XL: |  1  2  3  4 |
---------------+-------------+-----
Axes           | 3 |  3.3
Shields        | 5 |  5.3
Armour         | 4 |  4.0
Fighting       | |  3.8

Action                     |  1- 3 |  4- 6 || total
---------------------------+-------+-------++-------
  Melee: War axe           |    91 |    80 ||   171
    Use: Scroll            |     6 |       ||     6
 Armour: Scale mail        |     6 |       ||     6
         Chain mail        |    33 |       ||    33
         Plate armour      |     1 |    53 ||    54
  Dodge: Dodged            |    23 |    18 ||    41
  Block: Kite shield       |    65 |    97 ||   162
